 Dungeon Crawl Stone Soup version 0.23.2 (webtiles) character file.

Game seed: 8703225666599017292

217 Descartes the Shield-Bearer (level 6, 0/48 HPs)
             Began as a Formicid Fighter on Apr 5, 2019.
             Slain by a sixfirhy (11 damage)
             ... led by a cacodemon
             ... on level 1 of the Abyss.
             The game lasted 00:08:23 (2434 turns).

Descartes the Shield-Bearer (Formicid Fighter)      Turns: 2434, Time: 00:08:24

Health: 0/48       AC:  8    Str: 21    XL:     6   Next: 16%
Magic:  6/6        EV:  9    Int:  7    God:
Gold:   198        SH: 10    Dex: 12    Spells: 5/5 levels left

rFire    + . .     SeeInvis +   k - +3 whip (distort)
rCold    . . .     Gourm    .   c - +0 shield
rNeg     . . .     Faith    .   b - +0 scale mail
rPois    .         Spirit   .   (helmet unavailable)
rElec    .         Reflect  .   (no cloak)
rCorr    .         Harm     .   t - +0 pair of gloves
MR       .....                  (no boots)
Stlth    ..........             p - amulet of inaccuracy (curse)
HPRegen  0.16/turn              r - ring of protection from fire
MPRegen  0.10/turn              (no ring)

@: no status effects
A: permanent stasis, dig shafts and tunnels, four strong arms, antennae 3
a: Dig, Shaft Self


You were on level 1 of the Abyss.
You were hungry.

You visited 1 branch of the dungeon, and saw 3 of its levels.
You visited the Abyss 1 time.

You collected 198 gold pieces.

Inventory:

Hand Weapons
 a - a +0 war axe
 k - a +3 whip of distortion (weapon)
Missiles
 m - 8 javelins (quivered)
Armour
 b - a +0 scale mail (worn)
 c - a +0 shield (worn)
 t - a +0 pair of gloves (worn)
Jewellery
 i - an uncursed amulet of the acrobat
 p - a cursed amulet of inaccuracy (around neck)
 r - a ring of protection from fire (left hand)
Scrolls
 e - a scroll of amnesia
 g - a scroll of identify
 q - a scroll of fog
Potions
 d - 2 potions of might
 j - 2 potions of lignification
 o - a potion of heal wounds
 s - a potion of brilliance
Comestibles
 f - 9 rations


   Skills:
 + Level 3.9 Fighting
 * Level 3.4 Axes
 * Level 4.4 Armour
 + Level 1.3 Dodging
 * Level 5.0 Shields


You had 5 spell levels left.
You didn't know any spells.
Your spell library contained the following spells:

 Spells                   Type           Power        Failure   Level  Hunger
 Beastly Appendage        Tmut           #.....       96%         1    ##.....
 Sticks to Snakes         Tmut           #.......     99%         2    ###....
 Spider Form              Tmut/Pois      #.........   100%        3    ####...
 Ice Form                 Ice/Tmut       #.......     100%        4    #####..
 Blade Hands              Tmut           #.........   100%        5    ######.


Dungeon Overview and Level Annotations

Branches:
Dungeon (3/15)

Altars:
Ashenzari
Cheibriados
Dithmenos
Hepliaklqana
Kikubaaqudgha
Makhleb
Nemelex Xobeh
Okawaru
Qazlal

Annotations:
Abyss:1 Terence


Innate Abilities, Weirdness & Mutations

You cannot be hasted, slowed, berserked, paralysed or teleported.
You can dig through walls and to a lower floor.
Your four strong arms can wield two-handed weapons with a shield.
You have a pair of large antennae on your head. (SInv)


Message History

Beware, you cannot shaft yourself on this level.
Level annotation: Terence
Found 8 sling bullets.
f - 9 rations (gained 1)
Found 30 stones.
You sense a monster nearby.
A sixfirhy comes into view.
You now have 198 gold pieces (gained 23).
You block the sixfirhy's attack. Space warps around you for a moment!
k - a +3 whip of distortion (weapon)
You miss the sixfirhy.
Your shield and scale mail prevent you from hitting the sixfirhy.
The sixfirhy hits you. The sixfirhy shocks you! The sixfirhy barely misses you.
The sixfirhy hits you. The sixfirhy shocks you!
The sixfirhy hits you but does no damage.
The sixfirhy hits you.
* * * LOW HITPOINT WARNING * * *
The sixfirhy shocks you!
You die...

# ##.. ##. ...#.
..# . .#.#(#.3 .
. #... ###.##.#.#
..
........#.@#....#
. .....
.....###3##.# {{
.... #......
##...# #.. .
..... ## ##..# .
. # ##...
#..#...# .
....#.#. ...
....#.# #..
.##..... .#.#..#
## ##. ..#...##
.#...# #####.....
...#..#.##.#


You could see a sixfirhy.

Vanquished Creatures
  An ogre (D:2)
  3 adders
  2 worms (D:2)
  2 dart slugs
  3 leopard geckos (D:1)
  An orc (D:3)
  5 bats
  A giant cockroach (D:2)
  13 goblins
  5 hobgoblins
  8 jackals
  A quokka (D:2)
  5 frilled lizards
  10 kobolds
  10 rats
70 creatures vanquished.

Notes
Turn   | Place    | Note
-------+----------+-------------------------------------------
     0 | D:1      | Descartes the Formicid Fighter began the quest for the Orb.
     0 | D:1      | Reached XP level 1. HP: 18/18 MP: 1/1
    53 | D:1      | Reached XP level 2. HP: 20/24 MP: 2/2
   221 | D:1      | Reached skill level 4 in Shields
   221 | D:1      | Reached XP level 3. HP: 29/29 MP: 3/3
   574 | D:2      | Found an iron altar of Okawaru.
   611 | D:2      | Found a hazy altar of Hepliaklqana.
   785 | D:2      | Reached XP level 4. HP: 35/35 MP: 4/4
   831 | D:2      | Found a stormy altar of Qazlal.
  1437 | D:2      | Noticed an ogre
  1442 | D:2      | Killed an ogre
  1442 | D:2      | Reached skill level 1 in Dodging
  1442 | D:2      | Reached XP level 5. HP: 22/42 MP: 5/5
  1653 | D:2      | Found a shadowy altar of Dithmenos.
  1654 | D:2      | Found a sparkling altar of Nemelex Xobeh.
  1654 | D:2      | Found a burning altar of Makhleb.
  1654 | D:2      | Found a shattered altar of Ashenzari.
  1662 | D:2      | Found a snail-covered altar of Cheibriados.
  1662 | D:2      | Found an ancient bone altar of Kikubaaqudgha.
  2113 | D:3      | Reached XP level 6. HP: 48/48 MP: 6/6
  2127 | D:3      | Found a faded altar of an unknown god.
  2137 | D:3      | Reached skill level 5 in Shields
  2144 | D:3      | Noticed Terence
  2165 | D:3      | Banished Terence
  2398 | D:3      | Cast into level 1 of the Abyss (a distortion unwield)
  2428 | Abyss:1  | Noticed a sixfirhy
  2434 | Abyss:1  | Slain by a sixfirhy

Skill      XL: |  1  2  3  4  5  6 |
---------------+-------------------+-----
Shields        | 4 5 |  5.0
Axes           | 3 |  3.4
Armour         | 4 |  4.4
Dodging        | 1 |  1.3
Fighting       | |  3.9

Action                   |  1- 3 |  4- 6 || total
-------------------------+-------+-------++-------
Melee: War axe           |   132 |   106 ||   238
       Whip              |       |    20 ||    20
 Abil: Dig               |       |     4 ||     4
  Use: Scroll            |       |     7 ||     7
       Potion            |       |     3 ||     3
  Eat: Chunk             |       |     5 ||     5
Armor: Scale mail        |    47 |    52 ||    99
Dodge: Dodged            |    62 |    42 ||   104
Block: Shield            |    56 |    93 ||   149
